 Dungeon Crawl Stone Soup version 0.31.0-11-ge490571c62 (webtiles) character file.

Game seed: 4550532162526999299

1347 qw the Skirmisher (level 8, -8/40 HPs)
             Began as a Spriggan Hunter on Feb 3, 2024.
             Mangled by an acid dragon (12 damage)
             ... on level 8 of the Dungeon.
             The game lasted 00:00:20 (4694 turns).

qw the Skirmisher (Spriggan Hunter)                 Turns: 4694, Time: 00:00:21

Health: -8/40      AC: -2    Str: 11    XL:     8   Next: 36%
Magic:  9/9        EV: 23    Int:  9    God:
Gold:   390        SH:  5    Dex: 20    Spells: 7/7 levels left

rFire   . . .        a - +1 shortbow (flame)
rCold   . . .        (shield currently unavailable)
rNeg    . . .        c - +0 robe
rPois   .            (helmet restricted)
rElec   .            (no cloak)
rCorr   .            (gloves unavailable)
SInv    +            (boots unavailable)
Will    +....        o - amulet of reflection
Stlth   ++           (no ring)
HPRegen 0.26/turn    (no ring)
MPRegen 0.11/turn

%: reflection
@: corroded, very quick
A: very small, no large weapons, unfitting armour, see invisible, speed 3, high
MP 1, strong 1
a: no special abilities


You were on level 8 of the Dungeon.
You visited 2 branches of the dungeon, and saw 9 of its levels.

You collected 390 gold pieces.


Innate Abilities, Weirdness & Mutations

You are very small and have problems with some larger weapons.
You are too small for most types of armour.
You have supernaturally acute eyesight. (SInv)
You cover ground extremely quickly. (Speed+++)
You have an increased reservoir of magic. (+10% MP)
Your muscles are strong. (Str +4, Int/Dex -1)


   Skills:
 - Level 3.0 Fighting
 + Level 8.8 Ranged Weapons
 - Level 8.1 Dodging
 - Level 1.5 Stealth


You had 7 spell levels left.
You didn't know any spells.
Your spell library was empty.

Inventory:

Hand Weapons
 a - a +1 shortbow of flaming (weapon)
Armour
 c - a +0 robe (worn)
Jewellery
 o - an amulet of reflection (around neck)
Wands
 k - a wand of quicksilver (12)
 m - a wand of flame (6)
 n - a wand of charming (5)
Potions
 b - a potion of cancellation {unknown}
 e - 4 potions of enlightenment
 f - a potion of mutation
 h - a potion of resistance
 i - 2 potions of curing
 j - a potion of ambrosia {unknown}

Dungeon Overview and Level Annotations

Branches:
Dungeon (9/15)             Temple (1/1) D:5             Orc (0/2) D:9
   Lair: D:8-11

Altars:
Ashenzari
Cheibriados
Dithmenos
Elyvilon
Fedhas
Gozag
Hepliaklqana
Kikubaaqudgha
Makhleb
Nemelex Xobeh
Qazlal
Ru
Sif Muna
Trog
Uskayaw
Vehumet
Yredelemnul
Zin
The Shining One


Message History

4531 ||| READING scroll of teleportation.
As you read the scroll of teleportation, it crumbles to dust.
You feel strangely unstable.
You start resting.
An acid dragon is nearby!
You shoot an arrow.
The arrow hits the acid dragon but does no damage.
The acid dragon is severely wounded.
You shoot an arrow. The arrow hits the acid dragon.
The arrow burns the acid dragon.
The acid dragon is severely wounded.
Your surroundings suddenly seem different.
You start resting.
You are no longer corroded.
HP restored.
You shoot an arrow.
The arrow closely misses the acid dragon.
You shoot an arrow.
The arrow hits the acid dragon but does no damage.
The acid dragon is heavily wounded.
You shoot an arrow. The arrow hits the acid dragon!
The arrow burns the acid dragon.
The acid dragon is severely wounded.
You shoot an arrow.
The arrow hits the acid dragon but does no damage.
The acid dragon is severely wounded.
You shoot an arrow.
The arrow closely misses the acid dragon.
The acid dragon spits acid at you. The splash of acid hits you!!!
Ouch! That really hurt!
The acid corrodes you!
You shoot an arrow.
The arrow hits the acid dragon but does no damage.
The acid dragon is severely wounded.
You shoot an arrow.
The arrow hits the acid dragon but does no damage.
The acid dragon is severely wounded.
The acid dragon bites you!
You die...

###############
########.....#.......#
#.....................
##...#.######.........
####### ##..........
##...........
#...@D.......
##...##....... ##...##
##..... ##....## #...
##....#.## #..
##...^#...##
#....##....##
##...###.....##
##....# ##.....##


You could see an acid dragon (catching breath).

Vanquished Creatures
  Eustachio (D:4)
  A black bear (D:5)
  3 ogres
  A phantom (D:4)
  A bullfrog (D:9)
  4 howler monkeys
  2 bombardier beetles
  3 hounds (D:5)
  An orc priest (D:3)
  A sleepcap (D:4)
  4 iguanas
  2 orc wizards (D:9)
  6 adders
  4 gnolls
  4 dart slugs
  3 ribbon worms
  21 orcs
  5 endoplasms
  3 giant cockroaches
  8 hobgoblins
  7 quokkas
  9 ball pythons
  7 bats
  3 frilled lizards
  6 goblins
  6 kobolds
  6 rats
122 creatures vanquished.

Notes
Turn   | Place    | Note
-------+----------+-------------------------------------------
     0 | D:1      | qw the Spriggan Hunter began the quest for the Orb.
     0 | D:1      | Reached XP level 1. HP: 10/10 MP: 2/2
     0 | D:1      | 0 ||| qw: Version: 0.3-a-157-g843a77d
     0 | D:1      | 0 ||| qw: Game counter: 3594
     0 | D:1      | 0 ||| qw: Melee chars always use a shield: true
     0 | D:1      | 0 ||| qw: God list: Okawaru
     0 | D:1      | 0 ||| qw: Allow faded altars: false
     0 | D:1      | 0 ||| qw: Do Orc after clearing Dungeon:15 true
     0 | D:1      | 0 ||| qw: Do second Lair branch before Depths: true
     0 | D:1      | 0 ||| qw: Lair rune preference: random
     0 | D:1      | 0 ||| qw: Goals: Normal
     0 | D:1      | 0 ||| PLANNING D:1-11
    25 | D:1      | Reached skill level 3 in Dodging
    37 | D:1      | Reached XP level 2. HP: 14/14 MP: 3/3
   506 | D:1      | Reached XP level 3. HP: 18/18 MP: 4/4
   661 | D:1      | 661 ||| READING scroll labelled GUEPSE CYUGONN.
   664 | D:1      | 664 ||| READING 2 scrolls labelled VIGGU TAITIOSCH.
   664 | D:1      | 664 ||| IDENTIFYING sedimented emerald potion
   665 | D:1      | 665 ||| READING scroll of identify.
   665 | D:1      | 665 ||| IDENTIFYING 2 fizzy puce potions
   666 | D:1      | 666 ||| READING scroll labelled QENIUR HEXOPN.
   667 | D:1      | 667 ||| READING scroll labelled EBAMAIF INAKHU.
   668 | D:1      | 668 ||| DRINKING 4 clear potions.
   669 | D:1      | 669 ||| DROPPING scroll of butterflies.
   670 | D:1      | 670 ||| DROPPING potion of berserk rage.
   976 | D:2      | Found an ancient bone altar of Kikubaaqudgha.
  1538 | D:2      | 1538 ||| READING scroll labelled QIPLUFRUTZE.
  1539 | D:2      | 1539 ||| DRINKING 2 yellow potions.
  1539 | D:2      | Gained mutation: Your muscles are strong. (Str +4, Int/Dex
                  | -1) [potion of mutation]
  1539 | D:2      | Gained mutation: You are somewhat resistant to further
                  | mutation. [potion of mutation]
  1539 | D:2      | Lost mutation: You are somewhat resistant to further
                  | mutation. [potion of mutation]
  1539 | D:2      | Gained mutation: You have an increased reservoir of magic.
                  | (+10% MP) [potion of mutation]
  1592 | D:3      | Reached XP level 4. HP: 22/22 MP: 5/5
  1713 | D:3      | Noticed an ogre
  1714 | D:3      | 1714 ||| RETREEEEATING.
  1727 | D:3      | 1727 ||| RETREEEEATING.
  1728 | D:3      | 1728 ||| RETREEEEATING.
  1729 | D:3      | 1729 ||| RETREEEEATING.
  1730 | D:3      | HP: 1/23 [orc/+0 flail (6)]
  1731 | D:3      | 1731 ||| DRINKING 2 potions of heal wounds.
  1738 | D:3      | 1738 ||| FLEEEEING.
  1739 | D:3      | 1739 ||| FLEEEEING.
  1740 | D:3      | 1740 ||| FLEEEEING.
  1741 | D:3      | 1741 ||| FLEEEEING.
  1742 | D:3      | 1742 ||| FLEEEEING.
  1743 | D:3      | 1743 ||| FLEEEEING.
  1744 | D:3      | 1744 ||| FLEEEEING.
  1745 | D:3      | 1745 ||| FLEEEEING.
  1746 | D:3      | 1746 ||| FLEEEEING.
  1750 | D:3      | 1750 ||| FLEEEEING.
  1751 | D:3      | 1751 ||| FLEEEEING.
  1752 | D:3      | 1752 ||| FLEEEEING.
  1754 | D:3      | 1754 ||| FLEEEEING.
  1755 | D:3      | 1755 ||| FLEEEEING.
  1756 | D:3      | 1756 ||| FLEEEEING.
  1757 | D:3      | 1757 ||| FLEEEEING.
  1758 | D:3      | 1758 ||| FLEEEEING.
  1759 | D:3      | 1759 ||| FLEEEEING.
  1760 | D:3      | 1760 ||| FLEEEEING.
  1761 | D:3      | 1761 ||| FLEEEEING.
  1762 | D:3      | 1762 ||| FLEEEEING.
  1763 | D:3      | 1763 ||| FLEEEEING.
  1764 | D:3      | 1764 ||| STAIRDANCE
  1773 | D:2      | 1773 ||| READING 2 scrolls labelled OPTUIFA JEOCS.
  1773 | D:2      | 1773 ||| BRANDING +0 shortbow.
  1774 | D:2      | 1774 ||| READING scroll of brand weapon.
  1774 | D:2      | 1774 ||| BRANDING +0 shortbow of draining.
  1777 | D:3      | 1777 ||| STAIRDANCE
  1808 | D:3      | HP: 4/23 [ogre/+0 giant club (19)]
  1809 | D:3      | 1809 ||| DRINKING potion of heal wounds.
  1816 | D:3      | Killed an ogre
  1817 | D:3      | Reached XP level 5. HP: 26/26 MP: 6/6
  1931 | D:3      | Reached skill level 6 in Ranged Weapons
  1942 | D:3      | Found a hide-covered altar of Uskayaw.
  2148 | D:3      | Reached XP level 6. HP: 30/30 MP: 7/7
  2300 | D:3      | 2300 ||| READING scroll labelled SAMYNL BIXO.
  2301 | D:3      | 2301 ||| READING scroll labelled SUIRAR PUGYATZ.
  2606 | D:4      | Reached skill level 6 in Dodging
  2859 | D:4      | Noticed Eustachio
  2878 | D:4      | 2878 ||| RETREEEEATING.
  2879 | D:4      | 2879 ||| RETREEEEATING.
  2881 | D:4      | 2881 ||| RETREEEEATING.
  2882 | D:4      | 2882 ||| RETREEEEATING.
  2884 | D:4      | 2884 ||| RETREEEEATING.
  2885 | D:4      | 2885 ||| RETREEEEATING.
  2888 | D:4      | 2888 ||| RETREEEEATING.
  2889 | D:4      | 2889 ||| RETREEEEATING.
  2896 | D:4      | Killed Eustachio
  2897 | D:4      | Reached XP level 7. HP: 35/35 MP: 8/8
  3056 | D:4      | 3056 ||| READING 2 scrolls of identify.
  3056 | D:4      | 3056 ||| IDENTIFYING coppery potion
  3057 | D:4      | 3057 ||| READING scroll of identify.
  3057 | D:4      | 3057 ||| IDENTIFYING cyan potion
  3058 | D:4      | 3058 ||| DRINKING 2 fizzy clear potions.
  3059 | D:4      | 3059 ||| DROPPING potion of brilliance.
  3060 | D:4      | 3060 ||| DROPPING potion of degeneration.
  3083 | D:5      | Entered Level 5 of the Dungeon
  3367 | D:5      | Found a staircase to the Ecumenical Temple.
  3368 | D:5      | 3368 ||| PLANNING TEMPLE
  3368 | D:5      | 3368 ||| READING scroll labelled CIKOFFI PUUNT.
  3368 | D:5      | 3368 ||| ENCHANTING +0 shortbow of flaming.
  3369 | D:5      | 3369 ||| DRINKING 2 bubbling ruby potions.
  3370 | D:5      | 3370 ||| DROPPING potion of magic.
  3376 | Temple   | Entered the Ecumenical Temple
  3377 | Temple   | 3377 ||| PLANNING D:1-11
  3837 | D:5      | 3837 ||| ZAPPING wand of quicksilver (13) at -3,3 (black
                  | bear; floor).
  3923 | D:5      | 3923 ||| READING scroll labelled TOLEAZOAFA.
  3923 | D:5      | 3923 ||| ENCHANTING +0 shortbow of flaming.
  4098 | D:6      | Reached XP level 8. HP: 39/39 MP: 9/9
  4110 | D:6      | Reached skill level 3 in Fighting
  4263 | D:6      | You fall into a shaft and drop 3 floors!
  4288 | D:9      | Found a staircase to the Orcish Mines.
  4444 | D:9      | 4444 ||| UPGRADING to amulet of reflection.
  4449 | D:9      | 4449 ||| READING 3 scrolls of identify.
  4449 | D:9      | 4449 ||| IDENTIFYING inky potion
  4450 | D:9      | 4450 ||| READING 2 scrolls of identify.
  4450 | D:9      | 4450 ||| IDENTIFYING blue potion
  4451 | D:9      | 4451 ||| READING scroll of identify.
  4451 | D:9      | 4451 ||| IDENTIFYING ruby potion
  4452 | D:9      | 4452 ||| DROPPING potion of invisibility.
  4453 | D:9      | 4453 ||| DROPPING potion of attraction.
  4530 | D:8      | HP: 9/40 [acid dragon/splash of acid (31)]
  4531 | D:8      | 4531 ||| READING scroll of teleportation.
  4692 | D:8      | HP: 4/40 [acid dragon/splash of acid (36)]
  4694 | D:8      | Mangled by an acid dragon

Levels and vault maps discovered:
D:1:      ncdulo_halloftheorcs, layout_loops_ring
D:2:      layout_basic, basic_altar
D:3:      minmay_razor_zed, layout_rooms, mainiacjoe_overflow_alcove_4,
          kennysheep_generic_room_5
D:4:      layout_rooms, uniq_eustachio
D:5:      layout_cave_pods, minmay_temple_entry_grid, ldierk_geyser,
          nicolae_the_louvre
D:6:      layout_rooms, serial_library_hellmonk_open_square
D:8:      layout_cave_pods
D:9:      layout_loops_ring, dk_xom_monty_hall, minmay_orc_entry_temple_small,
          uniq_harold
Temple:   eino_narrow_crystal_temple

Skill      XL: |  1  2  3  4  5  6  7  8 |
---------------+-------------------------+-----
Dodging        | 3 4 5 6 7 8 |  8.1
Ranged Weapons | 5 6 7 8 |  8.8
Fighting       | 2 3 |  3.0
Stealth        | |  1.5

Action                     |  1- 3 |  4- 6 |  7- 9 || total
---------------------------+-------+-------+-------++-------
   Fire: Shortbow          |    90 |   185 |   131 ||   406
  Evoke: Wand              |       |       |     1 ||     1
    Use: Scroll            |     6 |     4 |     8 ||    18
         Potion            |     2 |     2 |     2 ||     6
 Armour: Robe              |     5 |    25 |    19 ||    49
  Dodge: Dodged            |    15 |    84 |    27 ||   126
  Block: Other             |       |       |     1 ||     1

Table legend:
 A = Non-vault XP
 B = Vault XP
 C = Vault XP percentage of total XP
 D = Non-vault monster count
 E = Vault monster count
 F = Vault count percentage of total count
                 A         B        C        D         E       F
            +---------+---------+-------+---------+---------+-------
      Total |    1483 |     442 |  23.0 |     103 |      19 |  15.6
            +---------+---------+-------+---------+---------+-------
        D:1 |      42 |       0 |   0.0 |      19 |       0 |   0.0
        D:2 |      48 |       2 |   4.0 |      17 |       1 |   5.6
        D:3 |     146 |     187 |  56.2 |      23 |      15 |  39.5
        D:4 |     212 |     185 |  46.6 |      15 |       1 |   6.2
        D:5 |     448 |       0 |   0.0 |      16 |       0 |   0.0
        D:6 |     335 |       0 |   0.0 |       9 |       0 |   0.0
        D:8 |     159 |       0 |   0.0 |       3 |       0 |   0.0
        D:9 |      93 |      68 |  42.2 |       1 |       2 |  66.7
            +---------+---------+-------+---------+---------+-------
